 Dungeon Crawl Stone Soup version 0.28-a0-909-g796cbd3a86 (webtiles) character file.

Game seed: 18150162558648519558

63 ders the Caller (level 3, 0/14 HPs)
             Began as a Felid Summoner on Nov 24, 2021.
             Slain by an adder (3 damage)
             ... on level 2 of the Dungeon.
             The game lasted 00:03:34 (2118 turns).

ders the Caller (Felid Summoner)                    Turns: 2118, Time: 00:03:35

Health: 0/14       AC:  1    Str:  4    XL:     3   Next: 89%
Magic:  7/8        EV: 18    Int: 17    God:
Gold:   47         SH:  0    Dex: 16    Spells: 3/7 levels left
                                        Lives:  0   Deaths: 0

rFire   . . .      SeeInvis +   (weapon unavailable)
rCold   . . .      Faith    .   (shield unavailable)
rNeg    . . .      Spirit   .   (armour unavailable)
rPois   .          Reflect  .   (helmet unavailable)
rElec   .          Harm     .   (cloak unavailable)
rCorr   .          Rampage  .   (gloves unavailable)
Will    .....                   (boots unavailable)
Stlth   +.........              (no amulet)
HPRegen 0.04/turn               (no ring)
MPRegen 0.11/turn               (no ring)

@: confused, lethally poisoned (0 -> -5), quick
A: very small, claws 1, fangs 3, see invisible, speed 1, shaggy fur 1, stealthy
paws, no weapons or thrown items, no armour, multi-lived
a: no special abilities


You were on level 2 of the Dungeon.
You visited 1 branch of the dungeon, and saw 2 of its levels.

You collected 47 gold pieces.

Inventory:

Wands
 i - a wand of flame (15)
Scrolls
 a - 3 scrolls of identify {unknown}
 b - 4 scrolls of immolation {unknown}
 d - a scroll of fog {unknown}
Potions
 c - a potion of heal wounds
 e - a potion of haste
 f - 2 potions of invisibility {unknown}
 g - a potion of berserk rage {unknown}
 h - a potion of attraction {unknown}


   Skills:
 + Level 3.9 Dodging
 - Level 2.6 Stealth
 + Level 2.7 Spellcasting
 + Level 4.5 Summonings


You had 3 spell levels left.
You knew the following spells:

 Your Spells              Type           Power      Damage    Failure   Level
a - Summon Small Mammal   Summ           68%        N/A       2%          1
b - Call Canine Familiar  Summ           17%        N/A       9%          3

Your spell library contained the following spells:

 Spells                   Type           Power      Damage    Failure   Level
 Call Imp                 Summ           17%        N/A       4%          2
 Summon Guardian Golem    Hex/Summ       10%        N/A       22%         3
 Summon Lightning Spire   Summ/Air       10%        N/A       56%         4


Dungeon Overview and Level Annotations

Branches:
Dungeon (2/15)

Altars:

Shops:
D:1 *

Annotations:
D:2 Sigmund


Innate Abilities, Weirdness & Mutations

You have sharp claws.
You have razor-sharp teeth.
You have supernaturally acute eyesight. (SInv)
You cover ground quickly. (Speed+)
You are covered in fur. (AC +1)
Your paws help you pounce on unaware monsters.
You are incapable of wielding weapons or throwing items.
You cannot wear armour.
You gain extra lives every three experience levels.


Message History

Confirm with . or Enter, or press ? or * to list all spells.
You miscast Summon Small Mammal.
You are very lightly contaminated with residual magic.
Nothing appears to happen.
Your rat bites the adder.
A rat comes into view.
Casting: Summon Small Mammal (safe; 2% risk of failure)
Confirm with . or Enter, or press ? or * to list all spells.
Your rat barely misses the adder.
The adder bites you.
You are poisoned.
The adder poisons you!
You feel sick.
Your rat bites the adder.
The adder bites your rat.
Your rat dies!
Your rat's corpse disappears in a puff of smoke!
The adder hisses angrily.
Unknown command.
You feel sick.
Your quokka misses the adder.
You feel sick.
Your quokka barely misses the adder.
The adder closely misses you.
Your magical contamination has completely faded away.
You feel sick.
Your quokka bites the adder.
You feel sick.
You feel sick.
You are no longer poisoned.
An adder comes into view.
The adder hisses angrily.
The adder barely misses you.
Found a hunting sling.
Sigmund the Dreaded comes into view.
He is wielding a +1 antimagic scythe.
Found an Inescapable Atlas.
Sigmund shouts!
Sigmund casts a spell at you.
You are confused.
You bump into the rock wall.
The adder bites you.
You are lethally poisoned!
The adder poisons you!
You bump into the rock wall.
* * * LOW HITPOINT WARNING * * *
You feel sick.
Your quokka closely misses the adder.
The adder bites you.
You die...

#.# #.... #.# ..... #.#
######.....
#.#####.#######....#.....
....S.....r..r...........
#.#####r#######..........
#S# #..........
.#####S#######..........
........@......####......
.##....#######.## #.#####
#.... #..# #.# #....
#######.###.### ..@...
............... ..#)...
#######.###.### ..#:...
#####.###.#####
#............†.
#.####.##.#####


You could see Sigmund, 2 adders and a friendly quokka (summoned).

Vanquished Creatures
  A giant cockroach (D:2)
1 creature vanquished.

Vanquished Creatures (collateral kills)
  Jessica (D:2)
  An adder (D:2)
  A dart slug (D:1)
  6 ball pythons
  2 bats
  An endoplasm (D:2)
  3 giant cockroaches (D:1)
  2 goblins (D:1)
  A quokka (D:2)
  2 frilled lizards
  2 kobolds
  3 rats (D:1)
25 creatures vanquished.

Vanquished Creatures (others)
  5 withered plants (D:1)
5 creatures vanquished.

Grand Total: 31 creatures vanquished

Notes
Turn   | Place    | Note
-------+----------+-------------------------------------------
     0 | D:1      | ders the Felid Summoner began the quest for the Orb.
     0 | D:1      | Reached XP level 1. HP: 7/7 MP: 4/4
   356 | D:1      | Found Xoinlaq's General Store.
   390 | D:1      | Found a faded altar of an unknown god.
   518 | D:1      | Reached XP level 2. HP: 9/11 MP: 3/6
  1334 | D:2      | Noticed Jessica
  1349 | D:2      | Killed Jessica
  1350 | D:2      | Reached XP level 3. HP: 8/14 MP: 4/7
  1483 | D:2      | Learned a level 3 spell: Call Canine Familiar
  2115 | D:2      | Noticed Sigmund
  2118 | D:2      | Slain by an adder

Illustrated notes

Levels and vault maps discovered:
D:1:      enne_arrival_octagon_isle, layout_loops_ring, serial_shops,
          nicolae_shop_trees, ebering_ecumenical_altar_petrified,
          minmay_worlds_worst_comb
D:2:      layout_basic, serial_shops, nicolae_diamond_shop, uniq_sigmund,
          uniq_jessica

Skill      XL: |  1 |
---------------+----+-----
Dodging        | 3 |  3.9
Stealth        | |  2.6
Spellcasting   | |  2.7
Summonings     | |  4.5

Action                   || total
-------------------------++-------
Melee: Unarmed           ||     3
 Cast: Summon Small Mamm ||    64
 Stab: Distracted        ||     1
Armor: Skin              ||     3
Dodge: Dodged            ||    44

Table legend: (Time is in decaauts)
 A = Elapsed time spent in this place.
 B = Non-inter-level travel time spent in this place.
 C = Inter-level travel time spent in this place.
 D = Time resting spent in this place.
 E = Time spent auto-exploring this place.
 F = Levels seen in this place.
 G = Mean time per level.
                   A        B        C        D        E       F      G
               +--------+--------+--------+--------+--------+-----+--------+
         Total |   1913 |   1895 |     18 |    597 |    900 |   2 |  956.5 |
       Dungeon |   1913 |   1895 |     18 |    597 |    900 |   2 |  956.5 |
               +--------+--------+--------+--------+--------+-----+--------+

Top non-repeatable levels by time:
     D:1: 1200 daAuts
     D:2: 712 daAuts
